| TOP OF THE 1ST |
|
Aberdeen Ironbirds batting - Pitching for Tri-City ValleyCats : RHP Josh Willig
|
|
Pitching: RHP Josh Willig
|
|
|
Batting: RHB Ryan Bentz
|
0-0: Ball 1-0: Ball 2-0: Foul Ball, location: 2F 2-1: Foul Ball, location: 2F 2-2: Reached on error, E4 (Groundball, 4, EV 86.9 MPH)
|
|
Batting: LHB Xue-liang Zhou
|
0-0: Ball 1-0: Swinging Strike 1-1: Called Strike 1-2: Strikes out looking
|
|
Batting: RHB Graham Calvert
|
0-0: Foul Ball, location: 2F 0-1: Ball 1-1: Ball 2-1: SINGLE (Groundball, 34D, EV 94.4 MPH) Ryan Bentz to second Runner from 2nd tries for 3rd, SAFE, throw by RF made to third
|
|
Batting: LHB Danny Moreno
|
0-0: Foul Ball, location: 2F 0-1: Foul Ball, location: 2F 0-2: Hit by Pitch Graham Calvert to second
|
|
Batting: RHB Han-seung Hah
|
0-0: Swinging Strike 0-1: Ball 1-1: Grounds into double play, 5-4-3 (Groundball, 5S, EV 81.9 MPH)
|
| Top of the 1st over - 0 runs, 1 hit, 1 error, 2 left on base; Aberdeen 0 - Tri-City 0 |
| BOTTOM OF THE 1ST |
|
Tri-City ValleyCats batting - Pitching for Aberdeen Ironbirds : LHP Lawson Noseworthy
|
|
Pitching: LHP Lawson Noseworthy
|
|
|
Batting: RHB Patrick Pinault
|
0-0: Ball 1-0: Ball 2-0: Called Strike 2-1: Foul Ball, location: 2F 2-2: Ball 3-2: Ground out 5-3 (Groundball, 5S, EV 78.8 MPH)
|
|
Batting: RHB Hugo Priego
|
0-0: Foul Ball, location: 2F 0-1: Swinging Strike 0-2: Ball 1-2: Foul Ball, location: 2F 1-2: Foul Ball, location: 2F 1-2: Strikes out swinging
|
|
Batting: LHB Wade Girard
|
0-0: Ball 1-0: Ground out U3 (Groundball, 3L, EV 83.8 MPH)
|
| Bottom of the 1st over - 0 runs, 0 hits, 0 errors, 0 left on base; Aberdeen 0 - Tri-City 0 |
| TOP OF THE 2ND |
|
Aberdeen Ironbirds batting - Pitching for Tri-City ValleyCats : RHP Josh Willig
|
|
Batting: LHB Chris Cohen
|
0-0: Ball 1-0: Bunt - Flyout to 13S! F1
|
|
Batting: LHB Santino Pisanello
|
0-0: Ball 1-0: Swinging Strike 1-1: Swinging Strike 1-2: Ball 2-2: Ball 3-2: Strikes out swinging
|
|
Batting: RHB Dou-wan Pan
|
0-0: Ball 1-0: Called Strike 1-1: Swinging Strike 1-2: DOUBLE (Line Drive, 89D, EV 108.8 MPH)
|
|
Batting: LHB Ivan Alvarez
|
0-0: Called Strike 0-1: Ball 1-1: Foul Ball, location: 2F 1-2: Foul Ball, location: 2F 1-2: Strikes out looking
|
| Top of the 2nd over - 0 runs, 1 hit, 0 errors, 1 left on base; Aberdeen 0 - Tri-City 0 |
| BOTTOM OF THE 2ND |
|
Tri-City ValleyCats batting - Pitching for Aberdeen Ironbirds : LHP Lawson Noseworthy
|
|
Batting: RHB Juan Mendoza
|
0-0: Ball 1-0: Ball 2-0: Foul Ball, location: 2F 2-1: Foul Ball, location: 2F 2-2: Foul Ball, location: 2F 2-2: Foul Ball, location: 2F 2-2: Fly out, F6 (Popup, 6MS, EV 56.9 MPH)
|
|
Batting: RHB Roger Pelley
|
0-0: Called Strike 0-1: Ball 1-1: Swinging Strike 1-2: Foul Ball, location: 2F 1-2: Strikes out swinging
|
|
Batting: RHB Keith Goodwin
|
0-0: Ball 1-0: Fly out, F9 (Flyball, 89M, EV 87.5 MPH)
|
| Bottom of the 2nd over - 0 runs, 0 hits, 0 errors, 0 left on base; Aberdeen 0 - Tri-City 0 |
| TOP OF THE 3RD |
|
Aberdeen Ironbirds batting - Pitching for Tri-City ValleyCats : RHP Josh Willig
|
|
Batting: RHB Ryan Bentz
|
0-0: Ball 1-0: Ball 2-0: Ball 3-0: Called Strike 3-1: Ground out U3 (Groundball, 34, EV 84.4 MPH)
|
|
Batting: LHB Xue-liang Zhou
|
0-0: Ball 1-0: Ball 2-0: Called Strike 2-1: Ball 3-1: Base on Balls
|
|
Batting: RHB Graham Calvert
|
0-0: Foul Ball, location: 2F 0-1: Ball 1-1: Ball 2-1: Ball 3-1: Foul Ball, location: 2F 3-2: Fly out, F6 (Flyball, 6D, EV 94.4 MPH)
|
|
Batting: LHB Danny Moreno
|
0-0: Foul Ball, location: 2F 0-1: Foul Ball, location: 2F 0-2: Strikes out swinging
|
| Top of the 3rd over - 0 runs, 0 hits, 0 errors, 1 left on base; Aberdeen 0 - Tri-City 0 |
| BOTTOM OF THE 3RD |
|
Tri-City ValleyCats batting - Pitching for Aberdeen Ironbirds : LHP Lawson Noseworthy
|
|
Batting: LHB Lu-po-teh Zhou
|
0-0: Ball 1-0: Called Strike 1-1: Foul Ball, location: 2F 1-2: Hit by Pitch
|
|
Batting: LHB Ryan Fridley
|
0-0: Ball 1-0: SINGLE (Groundball, 34D, EV 103.1 MPH) (infield hit) Lu-po-teh Zhou to second
|
|
Batting: RHB Mike Brisbin
|
0-0: Grounds into double play, 6-4-3 (Groundball, 6, EV 94.4 MPH) Lu-po-teh Zhou to third
|
|
Batting: RHB Patrick Pinault
|
0-0: Foul Ball, location: 2F 0-1: Hit by Pitch
|
|
Batting: RHB Hugo Priego
|
0-0: Foul Ball, location: 2F 0-1: Ball 1-1: Ball Patrick Pinault steals 2nd base (no throw) 2-1: TRIPLE (Flyball, 78XD, EV 105.6 MPH) Lu-po-teh Zhou scores Patrick Pinault scores
|
|
Batting: LHB Wade Girard
|
0-0: Ball 1-0: Swinging Strike 1-1: Ball 2-1: Ball 3-1: Called Strike 3-2: SINGLE (Groundball, 34S, EV 97.5 MPH) Hugo Priego scores
|
|
Batting: RHB Juan Mendoza
|
0-0: Ball 1-0: Called Strike 1-1: DOUBLE (Groundball, 5L, EV 105.0 MPH) Wade Girard to third Runner from 3rd tries for Home, throw by LF and OUT! 7-6-2
|
| Bottom of the 3rd over - 3 runs, 4 hits, 0 errors, 1 left on base; Aberdeen 0 - Tri-City 3 |
| TOP OF THE 4TH |
|
Aberdeen Ironbirds batting - Pitching for Tri-City ValleyCats : RHP Josh Willig
|
|
Batting: RHB Han-seung Hah
|
0-0: Called Strike 0-1: Ball 1-1: Ground out 5-3 (Groundball, 56, EV 88.8 MPH)
|
|
Batting: LHB Chris Cohen
|
0-0: Called Strike 0-1: Ball 1-1: Foul Ball, location: 2F 1-2: Ball 2-2: Strikes out looking
|
|
Batting: LHB Santino Pisanello
|
0-0: Ground out 6-3 (Groundball, 6M, EV 106.2 MPH)
|
| Top of the 4th over - 0 runs, 0 hits, 0 errors, 0 left on base; Aberdeen 0 - Tri-City 3 |
| BOTTOM OF THE 4TH |
|
Tri-City ValleyCats batting - Pitching for Aberdeen Ironbirds : LHP Lawson Noseworthy
|
|
Batting: RHB Roger Pelley
|
0-0: Ball 1-0: Swinging Strike 1-1: Foul Ball, location: 2F 1-2: Foul Ball, location: 2F 1-2: Ball 2-2: Strikes out looking
|
|
Batting: RHB Keith Goodwin
|
0-0: Ball 1-0: Called Strike 1-1: Called Strike 1-2: Hit by Pitch
|
|
Batting: LHB Lu-po-teh Zhou
|
0-0: Ball 1-0: Swinging Strike 1-1: Swinging Strike 1-2: Foul Ball, location: 2F 1-2: Strikes out looking
|
|
Batting: LHB Ryan Fridley
|
0-0: Swinging Strike 0-1: Foul Ball, location: 2F 0-2: Strikes out looking
|
| Bottom of the 4th over - 0 runs, 0 hits, 0 errors, 1 left on base; Aberdeen 0 - Tri-City 3 |
| TOP OF THE 5TH |
|
Aberdeen Ironbirds batting - Pitching for Tri-City ValleyCats : RHP Josh Willig
|
|
Batting: RHB Dou-wan Pan
|
0-0: Called Strike 0-1: Called Strike 0-2: Ball 1-2: Ball 2-2: Strikes out looking
|
|
Batting: LHB Ivan Alvarez
|
0-0: Fly out, F6 (Line Drive, 5D, EV 73.1 MPH)
|
|
Batting: RHB Ryan Bentz
|
0-0: Called Strike 0-1: Ball 1-1: Foul Ball, location: 2F 1-2: Ground out 6-3 (Groundball, 6M, EV 98.1 MPH)
|
| Top of the 5th over - 0 runs, 0 hits, 0 errors, 0 left on base; Aberdeen 0 - Tri-City 3 |
| BOTTOM OF THE 5TH |
|
Tri-City ValleyCats batting - Pitching for Aberdeen Ironbirds : LHP Lawson Noseworthy
|
|
Batting: RHB Mike Brisbin
|
0-0: Ball 1-0: Called Strike 1-1: Called Strike 1-2: Foul Ball, location: 2F 1-2: Strikes out swinging
|
|
Batting: RHB Patrick Pinault
|
0-0: Called Strike 0-1: Ball 1-1: Called Strike 1-2: Ball 2-2: Strikes out swinging
|
|
DELAY
|
Rain delay of 55 minutes in the 5th inning.
|
|
Pitching: RHP Craig Painter
|
|
|
Batting: RHB Hugo Priego
|
0-0: Foul Ball, location: 2F 0-1: Ground out 6-3 (Groundball, 56, EV 108.8 MPH)
|
| Bottom of the 5th over - 0 runs, 0 hits, 0 errors, 0 left on base; Aberdeen 0 - Tri-City 3 |
| TOP OF THE 6TH |
|
Aberdeen Ironbirds batting - Pitching for Tri-City ValleyCats : RHP Josh Willig
|
|
Batting: LHB Xue-liang Zhou
|
0-0: Foul Ball, location: 2F 0-1: Foul Ball, location: 2F 0-2: Ball 1-2: Foul Ball, location: 2F 1-2: Ground out 4-3 (Groundball, 4, EV 103.8 MPH)
|
|
Pitching: RHP Chance Robinson
|
|
|
Batting: RHB Graham Calvert
|
0-0: Ball 1-0: Fly out, F7 (Flyball, 7S, EV 89.4 MPH)
|
|
Batting: LHB Danny Moreno
|
0-0: Ball 1-0: Called Strike 1-1: Ball 2-1: Foul Ball, location: 2F 2-2: Ball 3-2: Strikes out looking
|
| Top of the 6th over - 0 runs, 0 hits, 0 errors, 0 left on base; Aberdeen 0 - Tri-City 3 |
| BOTTOM OF THE 6TH |
|
Tri-City ValleyCats batting - Pitching for Aberdeen Ironbirds : RHP Craig Painter
|
|
Batting: LHB Wade Girard
|
0-0: Called Strike 0-1: Ball 1-1: Ground out 4-3 (Groundball, 4S, EV 85.6 MPH)
|
|
Batting: RHB Juan Mendoza
|
0-0: SINGLE (Line Drive, 89S, EV 111.2 MPH)
|
|
Batting: RHB Roger Pelley
|
0-0: Foul Ball, location: 2F 0-1: Called Strike 0-2: Grounds into double play, 4-6-3 (Groundball, 4, EV 80.0 MPH)
|
| Bottom of the 6th over - 0 runs, 1 hit, 0 errors, 0 left on base; Aberdeen 0 - Tri-City 3 |
| TOP OF THE 7TH |
|
Aberdeen Ironbirds batting - Pitching for Tri-City ValleyCats : RHP Chance Robinson
|
|
Batting: RHB Han-seung Hah
|
0-0: Ball 1-0: Foul Ball, location: 2F 1-1: Called Strike 1-2: Foul Ball, location: 2F 1-2: Ball 2-2: Foul Ball, location: 2F 2-2: Foul Ball, location: 2F 2-2: Ground out 6-3 (Groundball, 6, EV 101.2 MPH)
|
|
Batting: LHB Chris Cohen
|
0-0: Foul Ball, location: 2F 0-1: Bunt for hit to 56S - play at first, batter safe!
|
|
Batting: LHB Santino Pisanello
|
0-0: Swinging Strike 0-1: Ball 1-1: Foul Ball, location: 2F 1-2: Grounds into double play, 5-4-3 (Groundball, 56, EV 79.4 MPH)
|
| Top of the 7th over - 0 runs, 1 hit, 0 errors, 0 left on base; Aberdeen 0 - Tri-City 3 |
| BOTTOM OF THE 7TH |
|
Tri-City ValleyCats batting - Pitching for Aberdeen Ironbirds : RHP Craig Painter
|
|
Batting: RHB Keith Goodwin
|
0-0: Foul Ball, location: 2F 0-1: Ball 1-1: Swinging Strike 1-2: Ball 2-2: Ground out U3 (Groundball, 34, EV 90.6 MPH)
|
|
Batting: LHB Lu-po-teh Zhou
|
0-0: Foul Ball, location: 2F 0-1: Foul Ball, location: 2F 0-2: Ball 1-2: Fly out, F9 (Line Drive, 9, EV 104.4 MPH)
|
|
Batting: LHB Ryan Fridley
|
0-0: Called Strike 0-1: Ball 1-1: Foul Ball, location: 2F 1-2: Strikes out swinging, 2-3 out at first.
|
| Bottom of the 7th over - 0 runs, 0 hits, 0 errors, 0 left on base; Aberdeen 0 - Tri-City 3 |
| TOP OF THE 8TH |
|
Aberdeen Ironbirds batting - Pitching for Tri-City ValleyCats : RHP Chance Robinson
|
|
Batting: RHB Dou-wan Pan
|
0-0: Ball 1-0: Ground out 4-3 (Groundball, 4, EV 87.5 MPH)
|
|
Batting: LHB Ivan Alvarez
|
0-0: Swinging Strike 0-1: Foul Ball, location: 2F 0-2: Ball 1-2: Foul Ball, location: 2F 1-2: Ball 2-2: Strikes out swinging
|
|
Pitching: RHP Francisco Tejada
|
|
|
Batting: RHB Ryan Bentz
|
0-0: Ball 1-0: Foul Ball, location: 2F 1-1: Foul Ball, location: 2F 1-2: Foul Ball, location: 2F 1-2: Ball 2-2: Foul Ball, location: 2F 2-2: Foul Ball, location: 2F 2-2: Foul Ball, location: 2F 2-2: Ball 3-2: DOUBLE (Line Drive, 5D, EV 100.0 MPH)
|
|
Batting: LHB Xue-liang Zhou
|
0-0: Ball 1-0: Foul Ball, location: 2F 1-1: Ball 2-1: Foul Ball, location: 2F 2-2: Reached on error, E4 (Groundball, 34D, EV 98.1 MPH) Ryan Bentz to third
|
|
Batting: RHB Graham Calvert
|
0-0: Foul Ball, location: 2F 0-1: Ball 1-1: Foul Ball, location: 2F 1-2: Ball 2-2: DOUBLE (Flyball, 8RXD, EV 98.8 MPH) Ryan Bentz scores Xue-liang Zhou to third
|
|
Pitching: LHP Kentaro Shimasaki
|
|
|
Batting: RHB Heihachiro Fujita
|
0-0: Ball 1-0: Ball 2-0: Foul Ball, location: 2F 2-1: Called Strike 2-2: Strikes out swinging
|
| Top of the 8th over - 1 run, 2 hits, 1 error, 2 left on base; Aberdeen 1 - Tri-City 3 |
| BOTTOM OF THE 8TH |
|
Tri-City ValleyCats batting - Pitching for Aberdeen Ironbirds : RHP Craig Painter
|
|
Batting: RHB Mike Brisbin
|
0-0: Called Strike 0-1: Called Strike 0-2: Ball 1-2: Foul Ball, location: 2F 1-2: Fly out, F8 (Flyball, 8RXD, EV 93.1 MPH)
|
|
Batting: RHB Patrick Pinault
|
0-0: Ball 1-0: Swinging Strike 1-1: Ball 2-1: Foul Ball, location: 2F 2-2: Foul Ball, location: 2F 2-2: Ball 3-2: Strikes out looking
|
|
Batting: RHB Hugo Priego
|
0-0: Ball 1-0: Called Strike 1-1: Ball 2-1: Swinging Strike 2-2: Strikes out looking
|
| Bottom of the 8th over - 0 runs, 0 hits, 0 errors, 0 left on base; Aberdeen 1 - Tri-City 3 |
| TOP OF THE 9TH |
|
Aberdeen Ironbirds batting - Pitching for Tri-City ValleyCats : LHP Kentaro Shimasaki
|
|
Pitching: RHP Jeremy Mash
|
|
|
Batting: RHB Han-seung Hah
|
0-0: Ball 1-0: Ball 2-0: Ball 3-0: Base on Balls
|
|
Batting: LHB Chris Cohen
|
0-0: Fly out, F7 (Flyball, 7, EV 81.9 MPH)
|
|
Batting: LHB Santino Pisanello
|
0-0: Ball 1-0: Called Strike 1-1: Ball 2-1: SINGLE (Line Drive, 56D, EV 94.4 MPH) Han-seung Hah to second
|
|
Pinch Hitting: LHB Chris Barrera
|
0-0: Ball 1-0: Called Strike 1-1: Ball 2-1: Ground out 3-1 (Groundball, 13, EV 84.4 MPH) Han-seung Hah to third Santino Pisanello to second
|
|
Pinch Hitting: LHB Jeremy Nuzzo
|
0-0: Swinging Strike 0-1: Ball 1-1: Swinging Strike 1-2: Fly out, F7 (Line Drive, 7, EV 93.1 MPH)
|
| Top of the 9th over - 0 runs, 1 hit, 0 errors, 2 left on base; Aberdeen 1 - Tri-City 3 |
|